 Dungeon Crawl Stone Soup version 0.20.1-1-g8b1a95d (webtiles) character file.

57 Linguinho the Magician (level 4, 0/30 HPs)
             Began as a Human Wizard on Oct 30, 2017.
             Slain by a phantom (7 damage)
             ... on level 5 of the Dungeon.
             The game lasted 00:07:26 (1748 turns).

Linguinho the Magician (Human Wizard)               Turns: 1748, Time: 00:07:27

Health: 0/30       AC:  6    Str:  7    XL:     4   Next: 18%
Magic:  4/9        EV: 12    Int: 20    God:
Gold:   70         SH:  0    Dex: 11    Spells: 2/10 levels left

rFire    . . .     SeeInvis .   (no weapon)
rCold    . . .     Gourm    .   (no shield)
rNeg     . . .     Faith    .   a - +0 robe
rPois    .         Spirit   .   b - +0 hat
rElec    .         Reflect  .   i - +0 cloak
rCorr    .         Harm     .   k - +2 pair of gloves
MR       .....                  (no boots)
Stlth    ++........             (no amulet)
Regen    0.1/turn               (no ring)
MPRegen  0.2/turn               (no ring)

@: very slightly contaminated
A: no striking features
a: no special abilities


You were on level 5 of the Dungeon.
You were hungry.

You visited 1 branch of the dungeon, and saw 5 of its levels.

You collected 70 gold pieces.

Inventory:

Armour
 a - a +0 robe (worn)
 b - a +0 hat (worn)
 i - a +0 cloak (worn)
 k - a +2 pair of gloves (worn)
Scrolls
 f - a scroll of fear {unknown}
 g - a scroll of fog {unknown}
 h - a scroll of identify {unknown}
Potions
 e - 2 potions of curing {unknown}
 j - a potion of lignification {unknown}
Books
 c - a book of Minor Magic

   Spells                             Type                      Level
   a - Magic Dart                     Conjuration                  1
   b - Blink                          Translocation                2
   c - Call Imp                       Summoning                    2
   d - Slow                           Hexes                        2
   e - Conjure Flame                  Conjuration/Fire             3
   f - Mephitic Cloud                 Conjuration/Poison/Air       3
Comestibles
 d - 3 bread rations
 l - a meat ration


   Skills:
 - Level 2.0 Dodging
 + Level 2.4 Stealth
 + Level 3.9 Spellcasting
 + Level 1.8 Conjurations
 + Level 1.3 Summonings
 + Level 1.0 Translocations


You had 2 spell levels left.
You knew the following spells:

 Your Spells              Type           Power        Failure   Level  Hunger
a - Magic Dart            Conj           ##..         6%          1    None
b - Blink                 Tloc           N/A          13%         2    ##.....
c - Call Imp              Summ           #.......     12%         2    ##.....
d - Conjure Flame         Conj/Fire      #.......     26%         3    ###....


Dungeon Overview and Level Annotations

Branches:
Dungeon (5/15)
 Temple: D:4-7

Altars:
Okawaru

Annotations:
D:2 Sigmund


Message History

Your crimson imp closely misses the phantom.
Casting: Magic Dart
Confirm with . or Enter, or press ? or * to list all spells.
Aiming: Magic Dart
Press: ? - help, Shift-Dir - straight line, f/p - phantom
Aim: a phantom The magic dart hits the phantom.
The phantom is lightly damaged.
The phantom hits you.
* * * LOW HITPOINT WARNING * * *
Your crimson imp hits the phantom.
Casting: Magic Dart
Confirm with . or Enter, or press ? or * to list all spells.
You don't know that spell.
You can't go up here!
The phantom closely misses you.
Your crimson imp misses the phantom.
You climb downwards.
There is a stone staircase leading up here.
The phantom hits you!
You die...

#.................##.##.#
###.##.#.#.....##.......#
#.####.##...######.####
#......###..######.#
######## #.........#
#.######### #.#
##########.#
#.....W@##.#######
#<#####.#.........
#.#..######.
#####.#..####
#...........#
#.###.#..##.# #.#...# #
........ ####...###


You could see a phantom.

Vanquished Creatures
  A gnoll (D:1)
  2 adders (D:3)
  An orc (D:5)
  6 bats (D:1)
  A giant cockroach (D:1)
  5 goblins
  3 hobgoblins
  A quokka (D:4)
  3 frilled lizards (D:1)
  2 kobolds
  5 rats (D:1)
30 creatures vanquished.

Vanquished Creatures (collateral kills)
  A kobold (D:1)
  A rat (D:1)
2 creatures vanquished.

Grand Total: 32 creatures vanquished

Notes
Turn   | Place    | Note
-------+----------+-------------------------------------------
     0 | D:1      | Linguinho the Human Wizard began the quest for the Orb.
     0 | D:1      | Reached XP level 1. HP: 13/13 MP: 4/4
   112 | D:1      | Reached XP level 2. HP: 19/19 MP: 1/6
   370 | D:1      | Learned a level 2 spell: Blink
   373 | D:1      | Learned a level 2 spell: Call Imp
   430 | D:1      | Reached XP level 3. HP: 22/24 MP: 1/8
   435 | D:1      | Learned a level 3 spell: Conjure Flame
  1047 | D:2      | Noticed Sigmund
  1300 | D:3      | Reached XP level 4. HP: 30/30 MP: 0/9
  1403 | D:3      | You fall through a shaft for 2 floors!
  1403 | D:5      | Entered Level 5 of the Dungeon
  1465 | D:5      | Noticed a sky beast
  1554 | D:4      | Found an iron altar of Okawaru.
  1554 | D:4      | Noticed a phantom
  1748 | D:5      | Slain by a phantom

Action                   |  1- 3 |  4- 6 || total
-------------------------+-------+-------++-------
Melee: Unarmed           |    33 |     2 ||    35
 Cast: Magic Dart        |    75 |    23 ||    98
       Call Imp          |     1 |     2 ||     3
       Conjure Flame     |     1 |     1 ||     2
  Eat: Chunk             |       |     2 ||     2
Armor: Robe              |    14 |     1 ||    15
Dodge: Dodged            |    55 |     5 ||    60
